General information
- name: BNet
- type: Ladder team game (AT/RT)
- host: Battle.net
- saver: avid.milk2
map: FullScaleAssault
- players: 8
- length: 17:31
- speed: Fast
- version: 1.24 W3XP
- replay type: Public
» download(73 KB)
Players
team 1 (winner)
avid.milk2 (
orange | 90 APM | 1579 actions | 17:31)
6 Archmage
3 Summon Water Elemental
3 Brilliance Aura
5 Priestess of the Moon
3 Trueshot Aura
2 Searing Arrows
5 Keeper of the Grove
3 Entangling Roots
2 Force of Nature
» actions
| Assign group hotkey | 46 | |
| Basic commands | 62 | |
| Build / train | 197 | |
| ESC pressed | 5 | |
| Enter build submenu | 86 | |
| Enter hero's abilities submenu | 18 | |
| Give item / drop item | 1 | |
| Remove unit from queue | 1 | |
| Right click | 364 | |
| Select / deselect | 425 | |
| Select group hotkey | 232 | |
| Use ability | 142 | |
1579 total
» units
| Peasant | 24 | |
| Wisp | 34 | |
| Footman | 9 | |
| Huntress | 18 | |
| Rifleman | 16 | |
| Druid of the Talon | 3 | |
| Knight | 6 | |
| Chimaera | 9 | |
| Goblin Shredder | 1 | |
| Hippogryph | 12 | |
| Flying Machine | 10 | |
142 total
» upgrades
| Defend | 2 | |
| Long Rifles | 1 | |
| Gunpowder | 2 | |
| Corrosive Breath | 2 | |
| Swords | 1 | |
| Plating | 1 | |
| Flak Cannons | 1 | |
| Animal War Training | 1 | |
11 total
» buildings
| Farm | 28 | |
| Altar of Kings | 2 | |
| Altar of Elders | 2 | |
| Moon Well | 16 | |
| Barracks | 4 | |
| Hunter's Hall | 2 | |
| Ancient of War | 4 | |
| Blacksmith | 2 | |
| Tree of Ages | 2 | |
| Keep | 3 | |
| Town Hall | 1 | |
| Tree of Life | 2 | |
| Tree of Eternity | 4 | |
| Castle | 3 | |
| Ancient of Wind | 6 | |
| Lumber Mill | 1 | |
| Chimaera Roost | 7 | |
| Workshop | 4 | |
93 total
» build order
00:13 Farm
00:14 Altar of Kings
00:22 Altar of Kings
00:23 Farm
00:28 Altar of Elders
00:30 Moon Well
00:37 Altar of Elders
00:39 Moon Well
00:52 Barracks
00:59 Barracks
01:17 Farm
01:25 Farm
02:11 Hunter's Hall
02:12 Ancient of War
02:15 Hunter's Hall
02:16 Ancient of War
02:26 Barracks
02:27 Farm
02:37 Barracks
02:39 Farm
02:40 Farm
02:51 Ancient of War
02:53 Moon Well
02:53 Moon Well
02:57 Ancient of War
02:58 Moon Well
02:59 Moon Well
03:07 Blacksmith
03:08 Farm
03:09 Farm
03:19 Farm
03:20 Farm
03:52 Farm
03:53 Farm
03:56 Blacksmith
04:45 Tree of Ages
04:49 Tree of Ages
05:20 Moon Well
05:20 Moon Well
05:24 Moon Well
05:24 Moon Well
05:46 Keep
05:46 Keep
05:54 Town Hall
05:58 Tree of Life
06:13 Farm
06:16 Farm
08:16 Keep
08:20 Tree of Eternity
08:30 Tree of Eternity
08:30 Tree of Eternity
08:47 Castle
09:09 Ancient of Wind
09:12 Ancient of Wind
09:28 Lumber Mill
10:27 Moon Well
10:28 Moon Well
10:32 Moon Well
10:32 Moon Well
10:32 Moon Well
10:40 Farm
10:51 Chimaera Roost
10:51 Chimaera Roost
10:51 Chimaera Roost
11:00 Chimaera Roost
11:21 Tree of Life
11:27 Chimaera Roost
11:27 Chimaera Roost
11:28 Chimaera Roost
12:46 Farm
12:46 Farm
12:46 Farm
12:47 Farm
12:47 Farm
13:19 Castle
13:20 Castle
13:43 Ancient of Wind
13:44 Ancient of Wind
14:00 Workshop
14:00 Workshop
14:01 Workshop
14:07 Workshop
14:48 Ancient of Wind
14:48 Ancient of Wind
15:22 Farm
15:22 Farm
15:23 Farm
16:14 Farm
16:14 Farm
16:20 Farm
16:21 Farm
16:28 Moon Well
» items
| Scroll of Protection | 2 | |
| Scroll of Healing | 4 | |
6 total
superpaco (
blue | 18 APM | 2 actions | 00:06)
m569 (
purple | 18 APM | 2 actions | 00:06)
» actions
| Right click | 1 | |
| Select / deselect | 1 | |
2 total

»
davey-dave (
teal | 23 APM | 2 actions | 00:05)
» actions
| Right click | 1 | |
| Select / deselect | 1 | |
2 total
team 2 (loser)
HeNkeL (
green | 132 APM | 2315 actions | 17:30)
4 Archmage
2 Summon Water Elemental
2 Brilliance Aura
4 Keeper of the Grove
2 Entangling Roots
2 Thorns Aura
6 Death Knight
3 Death Coil
3 Unholy Aura
1 Mountain King
1 Storm Bolt
» actions
| Assign group hotkey | 49 | |
| Basic commands | 72 | |
| Build / train | 158 | |
| ESC pressed | 3 | |
| Enter build submenu | 61 | |
| Enter hero's abilities submenu | 17 | |
| Give item / drop item | 1 | |
| Right click | 778 | |
| Select / deselect | 577 | |
| Select group hotkey | 444 | |
| Use ability | 155 | |
2315 total
» units
| Peasant | 8 | |
| Wisp | 7 | |
| Acolyte | 11 | |
| Footman | 13 | |
| Ghoul | 19 | |
| Crypt Fiend | 19 | |
| Huntress | 12 | |
| Gargoyle | 9 | |
| Gryphon Rider | 6 | |
104 total
» upgrades
» buildings
| Necropolis | 28 | |
| Altar of Kings | 1 | |
| Farm | 10 | |
| Altar of Elders | 1 | |
| Barracks | 2 | |
| Graveyard | 2 | |
| Crypt | 5 | |
| Ziggurat | 11 | |
| Moon Well | 6 | |
| Altar of Darkness | 2 | |
| Tomb of Relics | 2 | |
| Hunter's Hall | 1 | |
| Ancient of War | 2 | |
| Nerubian Tower | 5 | |
| Keep | 2 | |
| Halls of the Dead | 6 | |
| Scout Tower | 1 | |
| Lumber Mill | 1 | |
| Tree of Ages | 1 | |
| Castle | 2 | |
| Gryphon Aviary | 2 | |
| Arcane Tower | 1 | |
| Tree of Eternity | 1 | |
95 total
» build order
00:02 Necropolis
00:03 Necropolis
00:03 Necropolis
00:03 Necropolis
00:03 Necropolis
00:04 Necropolis
00:04 Necropolis
00:04 Necropolis
00:04 Necropolis
00:05 Necropolis
00:05 Necropolis
00:05 Necropolis
00:05 Necropolis
00:06 Necropolis
00:06 Necropolis
00:06 Necropolis
00:06 Necropolis
00:07 Necropolis
00:20 Altar of Kings
00:21 Farm
00:33 Altar of Elders
00:40 Barracks
00:55 Graveyard
00:58 Crypt
01:01 Ziggurat
01:08 Ziggurat
01:22 Moon Well
01:28 Altar of Darkness
01:32 Tomb of Relics
01:38 Crypt
01:41 Crypt
02:21 Hunter's Hall
02:36 Ziggurat
02:41 Ancient of War
02:42 Ancient of War
02:45 Moon Well
03:03 Altar of Darkness
03:04 Ziggurat
03:09 Ziggurat
03:26 Farm
03:29 Farm
03:42 Nerubian Tower
03:47 Tomb of Relics
04:24 Ziggurat
04:30 Moon Well
04:50 Farm
04:53 Keep
05:02 Halls of the Dead
05:52 Halls of the Dead
05:52 Halls of the Dead
05:59 Halls of the Dead
05:59 Halls of the Dead
06:05 Ziggurat
06:18 Scout Tower
06:24 Lumber Mill
06:36 Nerubian Tower
06:37 Nerubian Tower
08:24 Tree of Ages
08:37 Castle
08:37 Castle
08:40 Gryphon Aviary
08:40 Gryphon Aviary
08:45 Crypt
08:52 Graveyard
09:28 Ziggurat
09:30 Ziggurat
10:04 Barracks
10:22 Nerubian Tower
10:49 Moon Well
10:50 Moon Well
10:57 Crypt
11:05 Farm
11:08 Farm
11:10 Arcane Tower
11:12 Farm
12:56 Farm
13:38 Farm
13:40 Farm
14:36 Necropolis
14:45 Tree of Eternity
14:48 Moon Well
15:09 Ziggurat
15:29 Ziggurat
» items
| Rod of Necromancy | 3 | |
| Scroll of Healing | 3 | |
| Scroll of Protection | 2 | |
8 total
Signifiant (
yellow | 18 APM | 2 actions | 00:06)
» actions
| Right click | 1 | |
| Select / deselect | 1 | |
2 total
RyAn_NYC (
red | 27 APM | 3 actions | 00:06)
» actions
| Right click | 1 | |
| Select / deselect | 2 | |
3 total
faast (
pink | 0 APM | 0 actions | 00:06)
Chat log
(00:06 / All) HeNkeL: why?
(00:09 / All) avid.milk2: squelched
(17:17 / All) avid.milk2: raped
(17:25 / All) HeNkeL: LOL
(17:29 / All) HeNkeL: lucky kid